 Dungeon Crawl Stone Soup version 0.28.0-53-g5a82cb258f (webtiles) character file.

Game seed: 15964820189768177583

178511 CryoSword the Conqueror (level 18, 0/354 HPs)
             Began as an Ogre Berserker on May 23, 2022.
             Was a High Priest of Trog.
             Constricted to death by a naga warrior (1 damage)
             ... on level 4 of the Snake Pit.
             The game lasted 01:28:40 (42850 turns).

CryoSword the Conqueror (Ogre Berserker)           Turns: 42850, Time: 01:28:40

Health: 0/354      AC: 16    Str: 33    XL:     18   Next: 20%
Magic:  0/27       EV: 16    Int: 18    God:    Trog [*****.]
Gold:   864        SH:  8    Dex: 21    Spells: 17/17 levels left

rFire   . . .      SeeInvis .   u - +1 great mace (flame)
rCold   + . .      Faith    .   (shield currently unavailable)
rNeg    + . .      Spirit   +   c - +2 swamp dragon scales
rPois   +          Reflect  .   S - +2 hat
rElec   .          Harm     .   E - +2 cloak of the Moon Troll {rN+ Int+4 Stlth+}
rCorr   .          Rampage  .   (gloves unavailable)
Will    +....                   (boots unavailable)
Stlth   ..........              t - brooch of Shielding {Spirit SH+8}
HPRegen 0.69/turn               k - ring of Kurid {Contam rC+ Int+6 Dex+7}
MPRegen 0.20/turn               M - ring "Cuqubaji" {Fly rPois MP+9 Str+7 Stlth-}

@: berserking, lethally poisoned (0 -> -3), weakened, flying, constricted, very
quick
A: large, unfitting armour, tough skin 1
a: Renounce Religion, Berserk, Trog's Hand, Brothers in Arms


You were on level 4 of the Snake Pit.
You worshipped Trog.
Trog was extremely pleased with you.
You visited 4 branches of the dungeon, and saw 27 of its levels.
You also visited: Ossuary, Bailey and Ice Cave.

You collected 3744 gold pieces.
You spent 2880 gold pieces at shops.

Inventory:

Hand Weapons
 a - a +2 giant spiked club
   (You took it off an ogre on level 3 of the Dungeon)
 u - a +1 great mace of flaming (weapon)
   (Trog gifted it to you on level 4 of the Snake Pit)
Missiles
 l - 2 curare-tipped darts
 r - 18 boomerangs
 H - a throwing net
Armour
 c - +2 swamp dragon scales (worn)
   (You acquired it on level 6 of the Lair of Beasts)
 o - a +2 troll leather armour
   (You found it on level 9 of the Dungeon)
 E - the +2 cloak of the Moon Troll (worn) {rN+ Int+4 Stlth+}
   (You bought it in a shop on level 11 of the Dungeon)

   Int:       It affects your intelligence (+4).
   rN:        It protects you from negative energy.
   Stlth:     It makes you more stealthy.
 S - a +2 hat (worn)
   (You found it on level 12 of the Dungeon)
 V - a scarf of repulsion
   (You found it on level 14 of the Dungeon)
Jewellery
 h - a +4 ring of evasion
   (You found it on level 1 of the Dungeon)
 k - the ring of Kurid (left hand) {Contam rC+ Int+6 Dex+7}
   (You found it in an ice cave)

   [ring of protection from cold]

   Int:       It affects your intelligence (+6).
   Dex:       It affects your dexterity (+7).
   rC:        It protects you from cold.
   Contam:    It causes magical contamination when unequipped.
 t - the brooch of Shielding (around neck) {Spirit SH+8}
   (You bought it in a shop on level 3 of the Snake Pit)

   [amulet of guardian spirit]

   It causes incoming damage to be divided between your reserves of health and
   magic.
   SH:        It affects your SH (+8).
 J - a ring of fire
   (You found it on level 2 of the Lair of Beasts)
 M - the ring "Cuqubaji" (right hand) {Fly rPois MP+9 Str+7 Stlth-}
   (You acquired it on level 2 of the Snake Pit)

   [ring of magical power]

   Str:       It affects your strength (+7).
   rPois:     It protects you from poison.
   MP:        It affects your magic capacity (+9).
   Fly:       It grants you flight.
   Stlth:     It makes you less stealthy.
 O - a ring of protection from cold
   (You bought it in a shop on level 3 of the Snake Pit)
 Q - a ring of see invisible
   (You bought it in a shop on level 3 of the Snake Pit)
 T - a ring of willpower
   (You found it on level 13 of the Dungeon)
Wands
 d - a wand of iceblast (24)
   (You found it on level 3 of the Dungeon)
 f - a wand of flame (76)
   (You took it off Edmund on level 6 of the Dungeon)
 q - a wand of acid (20) (quivered)
   (You found it on level 3 of the Dungeon)
 w - a wand of paralysis (4)
   (You found it on level 6 of the Dungeon)
 P - a wand of mindburst (7)
   (You found it on level 6 of the Lair of Beasts)
Scrolls
 i - 3 scrolls of magic mapping
 j - 6 scrolls of fear
 n - 8 scrolls of blinking
 v - 8 scrolls of teleportation {@r4}
 y - 4 scrolls of holy word
 z - 3 scrolls of silence
 B - 8 scrolls of fog
 C - 2 scrolls of summoning
 N - 4 scrolls of enchant armour
Potions
 b - 3 potions of ambrosia
 e - 12 potions of curing {@q1}
 m - 4 potions of lignification {!q}
 p - a potion of heal wounds {@q2}
 s - 5 potions of mutation {!q}
 x - 3 potions of berserk rage
 A - 6 potions of might
 D - 3 potions of invisibility
 F - 6 potions of attraction {!q}
 I - a potion of cancellation
 K - 3 potions of magic
 L - 3 potions of resistance
 R - a potion of haste {@q3}
Miscellaneous
 G - a condenser vane (inert)
   (You found it on level 10 of the Dungeon)


   Skills:
 O Level 27 Fighting
 * Level 15.7 Maces & Flails
 + Level 5.2 Armour
 + Level 14.6 Dodging
 - Level 5.0 Evocations


You had 17 spell levels left.
You didn't know any spells.
Your spell library was empty.

Dungeon Overview and Level Annotations

Branches:
Dungeon (15/15)            Temple (0/1) D:5            Lair (6/6) D:9
 Shoals (0/4) Lair:4        Snake (4/4) Lair:3        Slime (0/5) Lair:6
    Orc (2/2) D:9             Elf (0/3) Orc:2        Vaults (0/5) D:13
 Depths (0/4) D:15        Ossuary (visited)          Bailey (visited)
  IceCv (visited)

Altars:
Elyvilon
Hepliaklqana
Uskayaw
Wu Jian
Beogh
Jiyva
Lugonu

Shops:
D:7 (   D:11 [   D:15 (   Orc:2 ((**   Snake:3 *=   Snake:4 (*!?(

Portals:
Abyss: D:1
Trove: D:13 (give +5 demon whip)


Innate Abilities, Weirdness & Mutations

You are too large for most types of armour.
You have tough skin. (AC +1)


Message History

A naga ritualist is nearby!
A naga ritualist is nearby!
A naga ritualist is nearby!
Things that are here:
a +0 robe; a +0 halberd A salamander tyrant comes into view.
The naga ritualist mumbles some strange prayers to its god.
The naga ritualist begins to radiate toxic energy.
You beat the naga ritualist like a drum!!!
You burn the naga ritualist.
You hear a shout!
You are poisoned.
The salamander tyrant gazes fiercely through you!
You feel your attacks grow feeble.
You hit the naga ritualist but do no damage.
You feel sick. The naga ritualist spits poison at you.
The splash of poison hits you but does no damage.
You are more poisoned.
You resist.
You barely miss the naga ritualist.
You feel sick.
The naga ritualist calls down the wrath of its god upon you.
You easily resist.
You sock the naga ritualist! You burn the naga ritualist.
You kill the naga ritualist!
Trog accepts your kill.
You feel sick.
You hit the salamander tyrant but do no damage.
You feel sick.
The salamander tyrant closely misses you.
You hit the salamander tyrant but do no damage.
You feel sick.
You block the salamander tyrant's attack.
You bludgeon the salamander tyrant!!
You feel sick.
The salamander tyrant gazes fiercely through you!
You feel as though you will be weak longer.
You block the salamander tyrant's attack.
You bludgeon the salamander tyrant!!
You feel sick.
The salamander tyrant completely misses you.
You bludgeon the salamander tyrant!!
You kill the salamander tyrant!
Trog accepts your kill.
Trog appreciates your killing of a magic user.
You feel sick.
You are no longer poisoned.
No target in view!
A naga warrior comes into view. It is wielding a +0 halberd.
A naga warrior is nearby!
A naga warrior is nearby!
The naga warrior shouts!
You hear an angry hiss.
The naga warrior spits poison at you. The splash of poison misses you.
A naga warrior comes into view. It is wielding a +0 flail.
Found 5 stones.
The naga warrior shouts!
The naga warrior barely misses you.
A naga comes into view.
It is wielding a +0 trident and carrying a wand of mindburst (10).
A shock serpent comes into view.
The naga warrior misses you. x2
There is a fountain of clear blue water here.
The shock serpent hisses angrily.
You thump the naga warrior! You burn the naga warrior.
The naga warrior hits you with a +0 halberd!!
The naga warrior grabs you. The naga warrior constricts you.
You bludgeon the naga warrior!! You burn the naga warrior!
The shock serpent shoots out a bolt of lightning at you!
The bolt of electricity hits you!
The naga warrior roars a battlecry!
The nagas go into a battle-frenzy!
The naga warrior constricts you.
You closely miss the naga warrior. The naga warrior spits poison at you.
The splash of poison hits you but does no damage.
You resist. The naga warrior constricts you.
The shock serpent shoots out a bolt of lightning at you!
The bolt of electricity hits you!!
You hit the naga warrior but do no damage.
The naga warrior spits poison at you. The splash of poison misses you.
The naga warrior constricts you.
The naga warrior hits you with a +0 flail!!!
You are too injured to fight recklessly!
Unknown command.
A red film seems to cover your vision as you go berserk!
You feel yourself moving faster!
You feel mighty! The naga warrior completely misses you.
The naga warrior constricts you.
A nagaraja comes into view. It is wielding a +0 flail.
The naga warrior closely misses you.
You sock the naga warrior! You burn the naga warrior.
The shock serpent bites you but does no damage.
The naga warrior hits you with a +0 halberd!!
* * * LOW HITPOINT WARNING * * *
The naga warrior constricts you.
* * * LOW HITPOINT WARNING * * *
You bludgeon the naga warrior!! You burn the naga warrior.
You kill the naga warrior!
Trog accepts your kill. You block the naga's attack.
The naga warrior hits you with a +0 flail.
* * * LOW HITPOINT WARNING * * *
You block the naga warrior's attack. You block the shock serpent's attack.
You bludgeon the shock serpent!! You burn the shock serpent!
The shock serpent's electric aura discharges, shocking you!
* * * LOW HITPOINT WARNING * * *
The shock serpent shoots out a bolt of lightning at you!
The bolt of electricity hits you.
* * * LOW HITPOINT WARNING * * *
You bludgeon the shock serpent!! You burn the shock serpent.
The shock serpent's electric aura discharges, shocking you!
* * * LOW HITPOINT WARNING * * *
The naga misses you.
The naga warrior hits you with a +0 flail!!
* * * LOW HITPOINT WARNING * * *
The naga warrior misses you.
You miss the shock serpent.
The shock serpent shoots out a bolt of lightning at you!
The bolt of electricity hits you!
* * * LOW HITPOINT WARNING * * *
The nagaraja spits poison at you.
The splash of poison hits you but does no damage.
You are poisoned.
You resist. The naga closely misses you.
The naga warrior hits you with a +0 flail!!
* * * LOW HITPOINT WARNING * * *
The naga warrior grabs you. The naga warrior constricts you.
* * * LOW HITPOINT WARNING * * *
The shock serpent closely misses you.
You hit the shock serpent. You burn the shock serpent.
You feel sick.
The shock serpent shoots out a bolt of lightning at you!
The bolt of electricity hits you!!
* * * LOW HITPOINT WARNING * * *
You closely miss the shock serpent.
You feel sick.
The naga hits you from afar with a +0 trident!!
* * * LOW HITPOINT WARNING * * *
The naga warrior hits you with a +0 flail!
* * * LOW HITPOINT WARNING * * *
The naga warrior constricts you. The shock serpent barely misses you.
You bludgeon the shock serpent!! You burn the shock serpent.
You feel the power of Trog in you as your rage grows.
You kill the shock serpent!
Trog accepts your kill.
* * * LOW HITPOINT WARNING * * *
You feel sick.
The naga zaps a wand.
You easily resist.
The naga warrior roars a battlecry!
The nagaraja goes into a battle-frenzy!
The naga warrior constricts you.
You die...

...###
##[###..## ####
####.([##...###
#.............#
#.............#
#........)....#
#........#....#
#.............#
##........#..##
###..N@)....#
#...)†....#..
#......N......#
.......#.......
....... ..(....
....... ...N...
....... .......
....... ...#...


You could see a naga warrior (strong), a nagaraja (strong, catching breath) and
a naga (strong).

Vanquished Creatures
  A lich (IceCv)
  Mlioglotl (Snake:1)
  Agnes (Snake:1)
  Frances (D:13)
  2 nagarajas (Snake:4)
  Aizul (Snake:1)
  A very ugly thing (D:14)
  Snorg (D:12)
  The ghost of Blackbelt the Carver, a journeyman DgGl (Orc:2)
  A great orb of eyes (D:15)
  Josephine (D:12)
  2 fire dragons (Lair:6)
  A rakshasa (D:15)
  Fannar (Orc:1)
  17 naga warriors
  8 hydras
  A salamander tyrant (Snake:4)
  A vault guard (D:13)
  The ghost of blade888 the Jinx, a journeyman DEFE of Vehumet (Lair:1)
  3 boulder beetles
  Erolcha (D:9)
  2 caustic shrike simulacra (IceCv)
  8 anacondas
  An alligator (Lair:6)
  8 two-headed ogres
  2 centaur warriors
  13 death yaks
  3 catoblepae
  A tengu warrior (D:14)
  6 shock serpents
  3 orc high priests (Orc:2)
  Sonja (Lair:5)
  A deep elf knight (D:15)
  12 naga sharpshooters
  A fire crab (Lair:6)
  2 salamander mystics
  2 swamp dragons
  8 naga ritualists
  3 bog bodies (IceCv)
  An obsidian statue (IceCv)
  A lindwurm (Lair:6)
  A necromancer (IceCv)
  2 deep elf pyromancers
  11 ugly things
  7 orc knights
  6 mana vipers
  3 orc sorcerers (Orc:2)
  5 salamanders
  2 manticores
  7 cyclopes
  A will-o-the-wisp (Lair:4)
  10 elephants
  2 moths of wrath (Orc:2)
  33 black mambas
  Maurice (Orc:1)
  The ghost of kalagan the Conjurer, a novice DECj (D:6)
  8 cane toads
  2 guardian serpents
  7 torpor snails
  An ice statue (D:12)
  20 naga magi
  Maggie (D:9)
  A gargoyle (D:12)
  2 unseen horrors
  14 komodo dragons
  9 rime drakes
  2 tengu conjurers (D:15)
  17 freezing wraiths
  2 efreet (D:13)
  2 entropy weaver simulacra (IceCv)
  4 anaconda simulacra (IceCv)
  3 ice devils
  A queen bee (shapeshifter) (D:13)
  A wind drake (shapeshifter) (D:13)
  8 trolls
  A meliai (D:13)
  4 tyrant leeches (Lair:6)
  8 hornets
  6 polar bears
  10 slime creatures
  13 blink frogs
  A snapping turtle (Lair:4)
  12 dream sheep
  A tarantella (shapeshifter) (D:14)
  4 dire elephant simulacra (IceCv)
  A spriggan (D:12)
  9 wyverns
  43 yaks
  6 wraiths
  Grum (D:11)
  9 basilisks
  A minotaur simulacrum (IceCv)
  18 vampire mosquitoes
  Menkaure (D:7)
  4 steam dragons
  Edmund (D:6)
  3 acid dragons
  A warg (shapeshifter) (D:13)
  A naga (shapeshifter) (D:15)
  9 wargs (Orc:2)
  5 harpy simulacra
  41 nagas
  2 hydra simulacra (IceCv)
  12 water moccasins
  23 orc warriors
  4 alligator simulacra (IceCv)
  A swamp drake (Lair:4)
  2 necrophages
  A hornet zombie (D:8)
  5 ogres
  6 black bears
  A sky beast (D:7)
  An ettin simulacrum (IceCv)
  A phantom (D:5)
  11 wolves
  12 centaurs
  10 bullfrogs
  A gnoll sergeant (D:12)
  A scorpion (Lair:6)
  A wyvern skeleton (D:7)
  2 lindwurm simulacra (IceCv)
  13 killer bees
  8 wights
  7 howler monkeys
  3 centaur zombies
  A bullfrog zombie (D:5)
  A human zombie (Ossuary)
  22 orc priests
  3 hounds
  A jelly (D:5)
  2 iguanas
  25 orc wizards
  A hell rat (Lair:6)
  2 spriggan simulacra
  A troll simulacrum (D:12)
  A killer bee zombie (D:8)
  A wolf simulacrum (D:12)
  A hound zombie (Ossuary)
  4 mummies (Ossuary)
  A howler monkey zombie (D:11)
  A howler monkey skeleton (D:5)
  10 gnolls
  2 adders
  A white imp (D:7)
  3 ufetubi
  An adder zombie (Ossuary)
  A worm (D:1)
  6 dart slugs
  73 orcs
  5 ball pythons
  7 bats
  4 endoplasms
  4 giant cockroaches
  7 hobgoblins
  4 jackals (D:3)
  12 kobolds
  2 quokkas (D:1)
  3 frilled lizards
  A gnoll zombie (Ossuary)
  10 goblins
  A hobgoblin zombie (Ossuary)
  A jackal zombie (Ossuary)
  2 kobold zombies (Ossuary)
  An orc zombie (Ossuary)
  7 rats
  3 rat zombies (Ossuary)
905 creatures vanquished.

Vanquished Creatures (collateral kills)
  Asterion (Snake:1)
  A mana viper (Snake:1)
2 creatures vanquished.

Vanquished Creatures (others)
  A tengu conjurer (D:14)
  A polar bear (Lair:6)
  An orc warrior (Orc:2)
  4 foxfires (Lair:4)
  38 fungi
  74 plants
  2 withered plants (D:6)
121 creatures vanquished.

Grand Total: 1028 creatures vanquished

Notes
Turn   | Place    | Note
-------+----------+-------------------------------------------
     0 | D:1      | CryoSword the Ogre Berserker began the quest for the Orb.
     0 | D:1      | Reached XP level 1. HP: 24/24 MP: 1/1
   309 | D:1      | Found a one-way gate to the infinite horrors of the Abyss.
   309 | D:1      | Found a corrupted altar of Lugonu.
   309 | D:1      | Noticed a quasit
   309 | D:1      | Noticed a quasit
   309 | D:1      | Noticed an iron imp
   309 | D:1      | Noticed a quasit
   309 | D:1      | Noticed an iron imp
   310 | D:1      | Noticed a quasit
   311 | D:1      | Noticed a quasit
   311 | D:1      | Noticed a quasit
   311 | D:1      | Noticed an iron imp
   313 | D:1      | Reached XP level 2. HP: 33/33 MP: 2/2
   599 | D:1      | Found a faded altar of an unknown god.
   614 | D:1      | Reached XP level 3. HP: 37/41 MP: 3/3
  1389 | D:1      | Reached skill level 5 in Fighting
  1713 | D:2      | Reached XP level 4. HP: 34/50 MP: 4/4
  1975 | D:2      | Reached ** piety under Trog
  3003 | D:3      | Reached skill level 6 in Fighting
  3003 | D:3      | Reached XP level 5. HP: 33/59 MP: 5/5
  3389 | D:3      | Noticed an ogre
  3408 | D:3      | Killed an ogre
  3409 | D:3      | Reached XP level 6. HP: 68/68 MP: 6/6
  3492 | D:3      | Reached skill level 7 in Fighting
  3742 | D:3      | Identified the +10 dagger of Ivaecor {holy, Drain Str+3
                  | SInv Stlth+}
  4439 | D:4      | Noticed an orc warrior
  4613 | D:4      | Killed an orc warrior
  4614 | D:4      | Reached XP level 7. HP: 79/79 MP: 7/7
  4691 | D:4      | Reached skill level 8 in Fighting
  5219 | D:5      | Entered Level 5 of the Dungeon
  5762 | D:5      | Reached skill level 9 in Fighting
  5939 | D:5      | Found a staircase to the Ecumenical Temple.
  5978 | D:5      | Reached XP level 8. HP: 92/92 MP: 8/8
  6127 | D:6      | Found Sitorr's Magic Scroll Boutique.
  6147 | D:6      | Bought a scroll of noise for 11 gold pieces
  6147 | D:6      | Bought a scroll of enchant weapon for 82 gold pieces
  6147 | D:6      | Bought a scroll of blinking for 82 gold pieces
  6147 | D:6      | Bought a scroll of identify for 22 gold pieces
  6147 | D:6      | Bought a scroll of silence for 82 gold pieces
  6184 | D:6      | Noticed Edmund
  6262 | D:6      | Killed Edmund
  6263 | D:6      | Reached skill level 5 in Maces & Flails
  6263 | D:6      | Reached skill level 5 in Dodging
  6288 | D:6      | Reached skill level 10 in Fighting
  6358 | D:6      | Found a runed translucent door.
  6364 | D:6      | Noticed kalagan's ghost (novice DECj)
  6386 | D:6      | Reached skill level 11 in Fighting
  6386 | D:6      | Reached XP level 9. HP: 30/105 MP: 9/9
  6465 | D:6      | Found a sand-covered staircase.
  6486 | Ossuary  | Entered an ossuary
  7135 | D:6      | Reached skill level 12 in Fighting
  8009 | D:7      | Noticed Menkaure
  8018 | D:7      | Killed Menkaure
  8126 | D:7      | Found Kouggenn's Weapon Boutique.
  8142 | D:7      | Found a flagged portal.
  8151 | Bailey   | Entered a bailey
  8205 | Bailey   | Reached skill level 13 in Fighting
  8254 | Bailey   | Reached XP level 10. HP: 53/119 MP: 10/10
  8582 | Bailey   | Noticed an orc knight
  8592 | Bailey   | Killed an orc knight
  8688 | Bailey   | Found a large runed translucent door.
  8688 | Bailey   | Found a large runed translucent door.
  8689 | Bailey   | Noticed a deep elf pyromancer
  8812 | Bailey   | Killed a deep elf pyromancer
  8813 | Bailey   | Reached skill level 14 in Fighting
  9849 | D:8      | Reached *** piety under Trog
 10306 | D:8      | Found a hazy altar of Hepliaklqana.
 10477 | D:9      | Reached skill level 15 in Fighting
 10559 | D:9      | Reached skill level 1 in Evocations
 10683 | D:9      | Noticed Maggie
 10691 | D:9      | Killed Maggie
 10692 | D:9      | Reached XP level 11. HP: 132/132 MP: 11/11
 10750 | D:9      | Found a staircase to the Orcish Mines.
 10838 | D:9      | Noticed Erolcha
 10858 | D:9      | Killed Erolcha
 11214 | D:9      | Found a staircase to the Lair.
 11574 | D:10     | Entered Level 10 of the Dungeon
 11855 | D:10     | Reached skill level 16 in Fighting
 12535 | D:11     | Noticed Grum
 12563 | D:11     | Killed Grum
 12737 | D:11     | Noticed a cyclops
 12753 | D:11     | Killed a cyclops
 12776 | D:11     | Noticed a two-headed ogre
 12808 | D:10     | Killed a two-headed ogre
 12870 | D:11     | Found a white marble altar of Elyvilon.
 12973 | D:11     | Reached **** piety under Trog
 12979 | D:11     | Reached XP level 12. HP: 125/146 MP: 12/12
 13043 | D:11     | Found Curche's Antique Armour Emporium.
 13051 | D:11     | Reached skill level 17 in Fighting
 13054 | D:11     | Bought a smoking cloak for 275 gold pieces
 13054 | D:11     | Identified the +2 cloak of the Moon Troll {rN+ Int+4
                  | Stlth+} (You bought it in a shop on level 11 of the
                  | Dungeon)
 13433 | Lair:1   | Entered Level 1 of the Lair of Beasts
 13511 | Lair:1   | Found a runed translucent door.
 13511 | Lair:1   | Noticed blade888's ghost (journeyman DEFE)
 14031 | Lair:1   | Found an ornate altar of the Wu Jian Council.
 14031 | Lair:1   | Found a hide-covered altar of Uskayaw.
 14031 | Lair:1   | Noticed a boulder beetle
 14061 | Lair:1   | Killed a boulder beetle
 14600 | Lair:1   | Reached skill level 18 in Fighting
 15150 | Lair:2   | Reached skill level 5 in Evocations
 15660 | Lair:2   | Noticed a seven-headed hydra
 15674 | Lair:2   | Killed a seven-headed hydra
 15675 | Lair:2   | Reached skill level 10 in Maces & Flails
 15675 | Lair:2   | Reached skill level 10 in Dodging
 15675 | Lair:2   | Reached XP level 13. HP: 161/161 MP: 13/13
 15785 | Lair:2   | Reached skill level 19 in Fighting
 16200 | Lair:3   | You fall into a shaft and drop 3 floors!
 16200 | Lair:6   | Entered Level 6 of the Lair of Beasts
 16431 | Lair:4   | Found a staircase to the Shoals.
 16920 | Lair:3   | Found a staircase to the Snake Pit.
 18024 | Lair:3   | Reached skill level 20 in Fighting
 18612 | Lair:5   | Noticed Sonja
 18638 | Lair:5   | Killed Sonja
 19054 | Lair:5   | Reached XP level 14. HP: 143/176 MP: 14/14
 19223 | Lair:5   | Reached skill level 21 in Fighting
 19765 | D:6      | Bought a scroll of identify for 22 gold pieces
 19765 | D:6      | Bought 3 scrolls of blinking for 247 gold pieces
 19765 | D:6      | Bought a scroll of identify for 22 gold pieces
 20820 | Lair:6   | Reached skill level 22 in Fighting
 20994 | Lair:6   | Identified a scroll of acquirement
 20996 | Lair:6   | Acquired +2 swamp dragon scales
 21112 | Lair:6   | Found a runed translucent door.
 21848 | Lair:6   | Found a viscous altar of Jiyva.
 21848 | Lair:6   | Found a staircase to the Slime Pits.
 22421 | Lair:6   | Reached XP level 15. HP: 192/192 MP: 15/15
 23036 | D:12     | Noticed Josephine
 23348 | D:12     | Killed Josephine
 23727 | D:12     | Reached skill level 23 in Fighting
 24526 | D:12     | Noticed Snorg
 24537 | D:12     | Killed Snorg
 24947 | D:13     | Found a portal to a secret trove of treasure.
 25193 | D:13     | Found a gate to the Vaults.
 25230 | D:13     | Noticed Frances
 25238 | D:13     | Killed Frances
 26399 | D:14     | Reached ***** piety under Trog
 26685 | D:14     | Reached skill level 24 in Fighting
 27585 | D:15     | Entered Level 15 of the Dungeon
 27812 | D:15     | Reached XP level 16. HP: 102/208 MP: 16/16
 28248 | D:15     | Found Kahuisej's Weapon Shoppe.
 28964 | D:15     | Found a staircase to the Depths.
 29711 | Orc:1    | Entered Level 1 of the Orcish Mines
 29712 | Orc:1    | Noticed Maurice
 29718 | Orc:1    | Killed Maurice
 29826 | Orc:1    | Noticed Fannar
 29838 | Orc:1    | Killed Fannar
 29942 | Orc:2    | Entered Level 2 of the Orcish Mines
 29942 | Orc:2    | Found a staircase to the Elven Halls.
 30445 | Orc:2    | Noticed Blackbelt's ghost (journeyman DgGl)
 30491 | Orc:2    | Received a gift from Trog
 30846 | Orc:2    | Reached skill level 25 in Fighting
 31187 | Orc:2    | Found a transporter.
 31242 | Orc:2    | Found a transporter.
 31570 | Orc:2    | Found Utefucip's Weapon Shop.
 31570 | Orc:2    | Found Emuineic's Weapon Shoppe.
 31583 | Orc:2    | Found Nuetz's General Store.
 31583 | Orc:2    | Found Ifacaib's General Store.
 31939 | Orc:2    | Bought a potion of invisibility for 104 gold pieces
 31939 | Orc:2    | Bought a potion of resistance for 130 gold pieces
 32412 | Orc:2    | Killed Blackbelt's ghost
 32772 | D:6      | Killed kalagan's ghost
 32946 | Lair:1   | Killed blade888's ghost
 33011 | Snake:1  | Entered Level 1 of the Snake Pit
 33016 | Snake:1  | Noticed Agnes
 33031 | Snake:1  | Killed Agnes
 33032 | Snake:1  | Reached skill level 1 in Armour
 33181 | Snake:1  | Noticed Mlioglotl
 33192 | Snake:1  | Killed Mlioglotl
 33227 | Snake:1  | Found a frozen archway.
 33242 | IceCv    | Entered an ice cave
 34797 | IceCv    | Found an ancient bone altar of Kikubaaqudgha.
 35328 | IceCv    | Identified the ring of Kurid {Contam rC+ Int+6 Dex+7}
 35437 | IceCv    | Noticed a lich
 35459 | IceCv    | Killed a lich
 35868 | Snake:1  | Reached XP level 17. HP: 222/222 MP: 17/17
 36056 | Snake:1  | Noticed Aizul
 36080 | Snake:1  | Killed Aizul
 36923 | Snake:1  | Noticed Asterion
 36940 | Snake:1  | Killed Asterion
 36941 | Snake:1  | Reached skill level 26 in Fighting
 38787 | Snake:2  | Acquired the ring "Cuqubaji" {Fly rPois MP+9 Str+7 Stlth-}
 39776 | Snake:3  | Reached skill level 15 in Maces & Flails
 39944 | Snake:3  | Found Emoosodett's Jewellery Boutique.
 39948 | Snake:3  | Found Sutzeudi's Assorted Antiques.
 39952 | Snake:3  | Bought the brooch of Shielding {Spirit SH+8} for 712 gold
                  | pieces
 39952 | Snake:3  | Found the brooch of Shielding {Spirit SH+8}
 39952 | Snake:3  | Bought a ring of protection from cold for 300 gold pieces
 39952 | Snake:3  | Bought a ring of see invisible for 180 gold pieces
 39956 | Snake:3  | Bought a scroll of holy word for 307 gold pieces
 40807 | Snake:4  | Entered Level 4 of the Snake Pit
 40976 | Snake:4  | Found Deheblump's Antique Weapon Emporium.
 41323 | Snake:4  | Found Cuts's Assorted Antiques.
 41325 | Snake:4  | Found Raggyes's Magic Scroll Shoppe.
 41325 | Snake:4  | Found Tiuluod's Weapon Emporium.
 41330 | Snake:4  | Found Elengiud's Distillery.
 41418 | Snake:4  | Bought a potion of haste for 160 gold pieces
 41426 | Snake:4  | Bought a scroll of enchant armour for 97 gold pieces
 41426 | Snake:4  | Bought a scroll of fear for 45 gold pieces
 41845 | Snake:4  | Reached XP level 18. HP: 103/235 MP: 18/18
 42284 | Snake:4  | Received a gift from Trog
 42285 | Snake:4  | Reached skill level 27 in Fighting
 42467 | Snake:4  | Reached skill level 5 in Armour
 42849 | Snake:4  | HP: 11/354 [naga/+0 trident (27)]
 42849 | Snake:4  | HP: 2/354 [naga warrior/+0 flail (9)]
 42850 | Snake:4  | Constricted to death by a naga warrior

Illustrated notes

Levels and vault maps discovered:
D:1:      erik_arrival_cave_to_civilisation [erik_arrival_cave_to_temple],
          layout_loops_ring, nicolae_ecumenical_snake_handling
D:2:      layout_basic, st_stairs_13, minmay_indecisive_spiral
D:3:      layout_rooms, kennysheep_generic_room_10
D:4:      layout_loops_ring
D:5:      layout_rooms, temple_pool_b
D:6:      layout_cave_pools, serial_shops, shop_scrolls, gammafunk_ghost_grave,
          chequers_ossuary_entry_cave, nrook_mini_backslash,
          grunt_decor_junction, uniq_edmund
D:7:      layout_basic, enter_bailey_2, serial_shops,
          nicolae_shop_bloodbath_and_beyond, uniq_menkaure
D:8:      layout_basic, worldfamousw_hep_ancestral_shrine, minmay_quadrilaterals
D:9:      layout_roguey, erik_lair_dragon, orc_0_dummy, serial_glass,
          glass_columns_a, glass_columns_a, glass_columns_a, glass_columns_b,
          glass_columns_c, glass_columns_a, glass_columns_a, glass_columns_a,
          glass_columns_a, glass_columns_a, uniq_maggie, uniq_erolcha
D:10:     layout_stronghold
D:11:     layout_irregular_city, serial_shops, shop, elyvilon_altar_5, uniq_grum
D:12:     dreamdust_isle_of_ice, layout_irregular_city, the_hattery, uniq_snorg,
          uniq_josephine
D:13:     layout_roguey, david_vaults_5, enter_trove_6, minmay_puff,
          uniq_frances
D:14:     layout_cross
D:15:     gammafunk_enter_depths_forms, layout_long_grid,
          gauntlet_entry_generic, serial_shops, nicolae_shop_stone
Lair:1:   layout_layer_cave, gammafunk_ghost_grave, serial_bayou_pond_e,
          nzn_masters_of_martial_movement
Lair:2:   layout_cave_shapes, grunt_megastairs_5
Lair:3:   statuecave_lemuel, layout_cave_pods,
          minmay_snake_entry_guardpost_medium, infiniplex_staircase_pool_2
Lair:4:   layout_small_grid, minmay_shoals_entry_hut, pond, grunt_megastairs_3
Lair:5:   layout_long_grid, lemuel_old_faithful, uniq_sonja
Lair:6:   guppyfry_lair_end_dragon, layout_loops_ring, wormcave,
          dpeg_slime_entry_enclosed_altar, nicolae_lair_lakeside_cave
Snake:1:  layout_honeycomb, portal_ice_cave_entry_pillars_three, uniq_aizul,
          uniq_asterion, uniq_mlioglotl, uniq_agnes
Snake:2:  layout_rooms, serial_bayou_crossing
Snake:3:  layout_basic, serial_bayou_shore_b, minmay_shop_star
Snake:4:  snake_pit, layout_misc_corridors, serial_shops,
          nicolae_shop_hallway_stairs, nicolae_fountain_basement,
          minmay_shoptagon
Orc:1:    layout_diamond_mine, uniq_fannar, uniq_maurice
Orc:2:    grunt_orc_tribal_feast, layout_caves,
          gammafunk_ghost_berserking_beasts, minmay_orc_temple_b

Skill      XL: |  1  2  3  4  5  6  7  8  9 10 11 12 13 14 15 16 17 18 |
---------------+-------------------------------------------------------+-----
Maces & Flails | 3 4 5 6 8 10 11 12 13 14 15 | 15.7
Dodging        | 3 4 5 6 8 10 11 12 13 14 | 14.6
Fighting       | 5 6 7 9 11 13 15 16 18 20 22 24 25 26 27 | 27.0
Evocations     | 1 3 5 |  5.0
Armour         | 2 4 5 |  5.2

Action                   |  1- 3 |  4- 6 |  7- 9 | 10-12 | 13-15 | 16-18 || total
-------------------------+-------+-------+-------+-------+-------+-------++-------
Melee: Mace              |   105 |   208 |   112 |       |       |       ||   425
       Punch             |       |     1 |     5 |       |       |       ||     6
       Dire flail        |       |       |   211 |   666 |  1380 |  1500 ||  3757
       Great mace        |       |       |       |       |       |    48 ||    48
Throw: Dart              |       |       |       |       |     1 |       ||     1
Invok: Berserk           |     3 |     5 |    12 |     9 |    25 |    31 ||    85
       Trog's Hand       |       |     3 |     9 |     9 |    13 |    18 ||    52
       Brothers in Arms  |       |       |       |       |       |     1 ||     1
Evoke: Wand              |       |       |     1 |     5 |     1 |     7 ||    14
       Condenser vane    |       |       |       |     1 |     3 |     3 ||     7
  Use: Scroll            |       |     3 |    10 |    10 |    13 |     3 ||    39
       Potion            |       |       |     3 |     1 |       |     6 ||    10
 Stab: Sleeping          |       |     1 |       |     6 |     6 |     4 ||    17
       Paralysed         |       |       |       |     9 |     2 |     1 ||    12
       Confused          |       |       |       |       |     3 |    10 ||    13
       Distracted        |       |       |       |       |     3 |     4 ||     7
Armor: Animal skin       |    47 |    52 |   118 |     5 |       |       ||   222
       Robe              |       |       |       |    44 |       |       ||    44
       Troll leather arm |       |       |       |   168 |   197 |       ||   365
       Steam dragon scal |       |       |       |     8 |       |       ||     8
       Swamp dragon scal |       |       |       |       |   242 |   371 ||   613
Dodge: Dodged            |    83 |   119 |   360 |   558 |   944 |   996 ||  3060
Block: Other             |       |       |       |       |   182 |   334 ||   516
       Reflection        |       |       |       |       |     5 |    11 ||    16
